 Dungeon Crawl Stone Soup version 0.24.0-2-g5b39cebb1c (webtiles) character file.

Game seed: 14763171543475560081, levelgen mode: deterministic

66878 Aviak the Fighter (level 14, -4/129 HPs)
             Began as a White Draconian Abyssal Knight on Oct 31, 2019.
             Was a High Priest of Lugonu.
             Slain by an orc knight
             ... wielding a +0 dire flail
              (24 damage)
             ... on level 2 of the Orcish Mines.
             The game lasted 01:05:31 (34649 turns).

Aviak the Fighter (White Draconian Abyssal Knight) Turns: 34649, Time: 01:05:32

Health: -4/129     AC: 12    Str: 15    XL:     14   Next: 80%
Magic:  12/22      EV: 20    Int: 12    God:    Lugonu [*****.]
Gold:   2397       SH: 12    Dex: 16    Spells: 10/13 levels left

rFire    . . .     SeeInvis .   j - +2 trident (venom)
rCold    + . .     Gourm    .   d - +0 shield
rNeg     . . .     Faith    .   (armour unavailable)
rPois    +         Spirit   .   T - +1 hat
rElec    .         Reflect  .   a - scarf {cloud immunity}
rCorr    .         Harm     .   H - +1 pair of gloves
MR       +....                  o - +0 pair of boots
Stlth    +.........             (no amulet)
HPRegen  0.31/turn              v - ring of wizardry
MPRegen  0.18/turn              P - ring of poison resistance

@: no status effects
A: breathe frost, unfitting armour, cold resistance 1, cold-blooded, subdued
magic 1, AC +8
a: Breathe Frost, Depart the Abyss, Bend Space, Banish, Corrupt, Enter the
Abyss, Renounce Religion


You were on level 2 of the Orcish Mines.
You worshipped Lugonu.
Lugonu was extremely pleased with you.
You were near starving.

You visited 3 branches of the dungeon, and saw 23 of its levels.
You visited the Abyss 2 times.
You also visited: Ice Cave.

You collected 2548 gold pieces.
You spent 151 gold pieces at shops.

Inventory:

Hand Weapons
 j - a +2 trident of venom (weapon)
 B - a +0 vampiric trident {!w}
 M - a +4 spear of freezing
Armour
 a - a scarf of cloud immunity (worn)
 d - a +0 shield (worn)
 o - a +0 pair of boots (worn)
 H - a +1 pair of gloves (worn)
 T - a +1 hat (worn)
Jewellery
 k - an uncursed ring of fire
 v - a ring of wizardry (left hand)
 C - an uncursed ring of protection from cold
 D - an uncursed ring of resist corrosion
 F - an uncursed ring of positive energy
 P - a ring of poison resistance (right hand)
Wands
 c - a wand of clouds (6)
 q - a wand of random effects (41)
 y - a wand of polymorph (12)
 z - a wand of digging (23)
 G - a wand of flame (8)
 I - a wand of paralysis (5)
 J - a wand of disintegration (25)
Scrolls
 e - 4 scrolls of fog
 h - a scroll of random uselessness {unknown}
 i - a scroll of identify
 m - 4 scrolls of enchant armour
 n - a scroll of enchant weapon
 p - 3 scrolls of amnesia
 r - 10 scrolls of remove curse
 t - 4 scrolls of teleportation
 u - 3 scrolls of magic mapping
 x - a scroll of blinking
 O - a scroll of immolation {unknown}
 S - a scroll of fear
 U - a scroll of vulnerability {!r}
 V - 2 scrolls of brand weapon {unknown}
Potions
 f - 4 potions of haste
 g - 2 potions of lignification {!q}
 l - a potion of cancellation
 w - 5 potions of flight
 A - a potion of invisibility
 E - 4 potions of mutation {!q}
 Q - 2 potions of resistance
 R - 2 potions of brilliance
Comestibles
 b - 19 rations


   Skills:
 + Level 13.4 Fighting
 + Level 12.3 Polearms
 + Level 11.3 Dodging
 + Level 11.9 Shields
 - Level 3.3 Charms
 - Level 3.6 Necromancy
 - Level 11.0 Invocations


You had 10 spell levels left.
You knew the following spells:

 Your Spells              Type           Power        Failure   Level  Hunger
c - Regeneration          Chrm/Necr      #.........   12%         3    ####...

Your spell library contained the following spells:

 Spells                   Type           Power        Failure   Level  Hunger
 Animate Skeleton         Necr           N/A          3%          1    ##.....
 Pain                     Necr           #...         3%          1    ##.....
 Vampiric Draining        Necr           #.........   12%         3    ####...
 Swiftness                Chrm/Air       #.......     13%         2    ###....
 Corona                   Hex            #......      16%         1    ##.....
 Flame Tongue             Conj/Fire      #....        16%         1    ##.....
 Magic Dart               Conj           #...         16%         1    ##.....
 Shock                    Conj/Air       #...         16%         1    ##.....
 Sting                    Conj/Pois      #...         16%         1    ##.....
 Summon Small Mammal      Summ           #...         16%         1    ##.....
 Call Imp                 Summ           #.......     26%         2    ###....
 Ensorcelled Hibernation  Hex/Ice        #.....       26%         2    ###....
 Poisonous Vapours        Pois/Air       #.....       26%         2    ###....
 Searing Ray              Conj           #.....       26%         2    ###....
 Throw Flame              Conj/Fire      #.....       26%         2    ###....
 Animate Dead             Necr           N/A          36%         4    #####..
 Call Canine Familiar     Summ           #.......     45%         3    ####...
 Confuse                  Hex            #.......     45%         3    ####...
 Conjure Flame            Conj/Fire      #.......     45%         3    ####...
 Dazzling Spray           Conj/Hex       #.....       45%         3    ####...
 Inner Flame              Hex/Fire       #.......     45%         3    ####...
 Mephitic Cloud           Conj/Pois/Air  #.......     45%         3    ####...
 Static Discharge         Conj/Air       #.......     45%         3    ####...
 Summon Guardian Golem    Hex/Summ       #.......     45%         3    ####...
 Tukima's Dance           Hex            #.......     45%         3    ####...
 Airstrike                Air            #.........   83%         4    #####..
 Force Lance              Conj/Tloc      #.......     83%         4    #####..
 Fulminant Prism          Conj/Hex       #.........   83%         4    #####..
 Iskenderun's Mystic Bla  Conj           #.......     83%         4    #####..
 Olgreb's Toxic Radiance  Pois           #.......     83%         4    #####..
 Sticky Flame             Conj/Fire      #.......     83%         4    #####..
 Summon Ice Beast         Ice/Summ       #.......     83%         4    #####..
 Summon Lightning Spire   Summ/Air       #.......     83%         4    #####..
 Fireball                 Conj/Fire      #.........   99%         5    ######.
 Lightning Bolt           Conj/Air       #.........   99%         5    ######.
 Venom Bolt               Conj/Pois      #.........   99%         5    ######.


Dungeon Overview and Level Annotations

Branches:
Dungeon (15/15)            Temple (0/1) D:5            Lair (6/6) D:11
 Shoals (0/4) Lair:3        Snake (0/4) Lair:4        Slime (0/5) Lair:6
    Orc (2/2) D:12         Depths (0/5) D:15          IceCv (visited)
    Elf: Orc:2       Vaults: D:13-14

Altars:
Ashenzari
Cheibriados
Dithmenos
Elyvilon
Hepliaklqana
Kikubaaqudgha
Makhleb
Nemelex Xobeh
Okawaru
Qazlal
Ru
Uskayaw
Vehumet
Wu Jian
Xom
Yredelemnul
The Shining One
Jiyva

Shops:
D:6 *   D:8 %}(   D:12 *   Orc:2 %

Annotations:
D:14 exclusions: cyclops, plant and 3 more exclusions
D:15 corrupted
Lair:5 Ruewk's ghost, journeyman CeAM
Abyss:1 Harold, Pikel, Rupert


Innate Abilities, Weirdness & Mutations

You can breathe waves of freezing cold.
You can buffet flying creatures when you breathe cold.
Your icy white scales are hard. (AC +8)
You cannot fit into any form of body armour.
Your flesh is cold resistant. (rC+)
You are cold-blooded and may be slowed by cold attacks.
Your spells are a little easier to cast, but a little less powerful.


Message History

The orc knight barely misses you.
Unknown command.
You hit the orc knight but do no damage.
The orc knight looks as sick as possible!
The orc knight is heavily wounded.
Unknown command.
You completely miss the orc knight.
You tail-slap the orc knight, but do no damage.
The orc knight is heavily wounded.
The orc knight misses you.
Unknown command.
You hit the orc knight but do no damage.
The orc knight is heavily wounded.
The orc knight hits you but does no damage.
You closely miss the orc knight.
The orc knight is heavily wounded.
You barely miss the orc knight.
The orc knight is heavily wounded.
The orc knight hits you with a +0 dire flail!!
You die...

.......##...........[##.#.....)..
..ยง..o..........#.......#.......#
#.#...........#####...........###
###........... ###.....[......#.
#...........###.)#.........###.
##.........##..............)###
..........................[###
...........o.#.......#....... ...
............@........##...... ....
........(......####..... o...
.........)##..## #...... ....
.........#(#### #...... ....
.#.#.....#.# #...... ##..
........#### #..#### #####''##
..### # #... .# # #.... #####


You could see an orc knight.

Vanquished Creatures
  An orc warlord (Orc:1)
  Erolcha (D:10)
  4 hydras
  A catoblepas (Lair:6)
  2 centaur warriors
  3 two-headed ogres
  A tengu warrior (D:14)
  4 death yaks
  An orc high priest (Orc:2)
  An unseen horror (D:13)
  5 orc knights
  A wolf spider zombie (D:14)
  3 ugly things
  An orc sorcerer (Orc:2)
  A deep elf mage (D:12)
  2 manticores (D:14)
  A cyclops (D:14)
  An ice statue (IceCv)
  Maurice (D:12)
  2 black mambas
  5 elephants
  7 spiny frogs
  A torpor snail (Lair:4)
  A gargoyle (D:10)
  A rime drake (IceCv)
  6 komodo dragons
  A kobold demonologist (D:11)
  2 tengu conjurers (D:14)
  2 trolls (D:11)
  A queen bee (D:8)
  7 hippogriffs
  12 polar bears
  2 slime creatures (D:14)
  14 blink frogs
  A shadow (D:15)
  A wraith (D:15)
  A wyvern (D:10)
  39 yaks
  3 vampire mosquitoes (D:14)
  A hungry ghost (D:10)
  4 basilisks
  8 wargs
  5 swamp worms (Lair:4)
  Menkaure (D:4)
  12 water moccasins
  4 porcupines
  A hornet zombie (D:14)
  2 ice beasts
  3 black bears
  24 orc warriors
  3 necrophages
  2 phantoms
  2 sky beasts
  An eye of draining (D:15)
  13 ogres
  16 wolves
  3 centaurs
  14 crocodiles
  3 big kobolds
  4 gnoll sergeants (D:8)
  27 bullfrogs
  2 wyvern skeletons
  4 scorpions
  32 killer bees
  3 wights (D:6)
  3 howler monkeys
  4 lava snakes (Lair:5)
  An electric eel (Lair:5)
  5 crimson imps
  A centaur zombie (D:11)
  2 quasits (D:6)
  3 bullfrog skeletons
  3 jellies
  23 orc priests
  4 centaur skeletons
  4 gnoll shamans (D:8)
  10 hounds
  20 orc wizards
  Jessica (D:3)
  Terence (D:2)
  6 iguanas
  6 worker ants
  A killer bee zombie (D:6)
  A hound zombie (D:6)
  A hound skeleton (D:9)
  31 gnolls
  10 adders
  4 shadow imps
  6 white imps (D:15)
  5 worms
  5 adder skeletons
  2 dart slugs (D:3)
  4 leopard geckos
  106 orcs
  4 giant cockroaches
  14 goblins
  7 hobgoblins
  21 jackals
  14 kobolds
  6 quokkas
  A ball python (D:3)
  6 bats
  4 frilled lizards
  A leopard gecko skeleton (D:8)
  A leopard gecko zombie (D:9)
  A quokka skeleton (D:6)
  4 rats
695 creatures vanquished.

Vanquished Creatures (collateral kills)
  2 death yaks (Lair:5)
2 creatures vanquished.

Vanquished Creatures (others)
  A slime creature (D:14)
  2 hydras (Lair:1)
  2 two-headed ogres
  A death yak (IceCv)
  An orc sorcerer (Orc:1)
  A cyclops (Orc:2)
  3 ugly things (D:15)
  A black mamba (Lair:5)
  2 molten gargoyles (Lair:5)
  4 komodo dragons
  2 tyrant leeches (Lair:4)
  A polar bear (IceCv)
  A blink frog (Lair:1)
  4 yaks
  A vampire (D:11)
  A human (D:14)
  3 orc warriors
  2 wolves (IceCv)
  A killer bee (D:8)
  2 electric eels
  6 white imps (D:15)
  7 fungi
  7 plants
  5 starspawn tentacles (D:15)
61 creatures vanquished.

Grand Total: 758 creatures vanquished

Notes
Turn   | Place    | Note
-------+----------+-------------------------------------------
     0 | Abyss:1  | Aviak the Draconian Abyssal Knight began the quest for the
                  | Orb.
     0 | Abyss:1  | Reached XP level 1. HP: 19/19 MP: 2/2
    28 | Abyss:1  | Found a shimmering blue altar of Sif Muna.
    47 | Abyss:1  | Noticed a death knight
    48 | D:1      | Escaped the Abyss
   281 | D:1      | Reached * piety under Lugonu
   281 | D:1      | Reached XP level 2. HP: 26/26 MP: 3/3
   759 | D:1      | Reached XP level 3. HP: 11/31 MP: 4/4
  1257 | D:2      | Reached skill level 1 in Shields
  1285 | D:2      | Found an ancient bone altar of Kikubaaqudgha.
  1435 | D:2      | Reached XP level 4. HP: 33/40 MP: 6/6
  1546 | D:2      | Found an ornate altar of the Wu Jian Council.
  1556 | D:2      | Found a shimmering altar of Xom.
  1571 | D:2      | Noticed Terence
  1589 | D:2      | Killed Terence
  1906 | D:3      | Reached skill level 4 in Fighting
  1998 | D:3      | Reached XP level 5. HP: 43/46 MP: 7/7
  2234 | D:3      | Reached ** piety under Lugonu
  2254 | D:3      | Found an iron altar of Okawaru.
  2619 | D:3      | Found a burning altar of Makhleb.
  2619 | D:3      | Found a stormy altar of Qazlal.
  2620 | D:3      | Found a glowing golden altar of the Shining One.
  2753 | D:3      | Noticed Jessica
  2772 | D:3      | Killed Jessica
  2772 | D:3      | Reached XP level 6. HP: 41/53 MP: 8/8
  2828 | D:4      | Noticed Menkaure
  2845 | D:4      | Killed Menkaure
  3143 | D:4      | Your scales start taking on an icy white colour.
  3143 | D:4      | Reached XP level 7. HP: 35/60 MP: 10/10
  3143 | D:4      | Gained mutation: Your flesh is cold resistant. (rC+) [White
                  | Draconian growth]
  3841 | D:4      | Reached skill level 5 in Fighting
  3847 | D:5      | Entered Level 5 of the Dungeon
  4179 | D:5      | Reached *** piety under Lugonu
  4290 | D:5      | Found a staircase to the Ecumenical Temple.
  4431 | D:5      | Reached XP level 8. HP: 65/69 MP: 11/11
  4484 | D:5      | Noticed Pikel
  4488 | D:5      | Reached skill level 5 in Invocations
  4502 | D:5      | Banished Pikel
  4502 | D:5      | Reached skill level 5 in Polearms
  4690 | D:6      | Reached skill level 6 in Fighting
  5356 | D:6      | Reached skill level 5 in Dodging
  5677 | D:6      | Found a shattered altar of Ashenzari.
  5795 | D:6      | Reached XP level 9. HP: 53/77 MP: 13/13
  5828 | D:6      | Found Ysocylle's Assorted Antiques.
  5838 | D:6      | Bought a dark potion for 19 gold pieces
  5838 | D:6      | Bought a silver ring for 110 gold pieces
  5838 | D:6      | Bought a scroll labeled PUIMOU FEASA for 22 gold pieces
  5878 | D:6      | Found a sparkling altar of Nemelex Xobeh.
  5921 | D:6      | Reached skill level 5 in Shields
  6165 | D:6      | Found a snail-covered altar of Cheibriados.
  7114 | D:8      | Reached skill level 7 in Fighting
  7131 | D:8      | Reached **** piety under Lugonu
  8403 | D:8      | Noticed a queen bee
  8414 | D:8      | Killed a queen bee
  8414 | D:8      | Reached XP level 10. HP: 29/87 MP: 15/15
  8797 | D:8      | Found a white marble altar of Elyvilon.
  8954 | D:8      | Found Jymeucs's Weapon Emporium.
  8955 | D:8      | Found a shadowy altar of Dithmenos.
  9004 | D:8      | Found a hazy altar of Hepliaklqana.
  9004 | D:8      | Found a radiant altar of Vehumet.
  9005 | D:8      | Found a hide-covered altar of Uskayaw.
  9005 | D:8      | Found a sparkling altar of Nemelex Xobeh.
  9095 | D:8      | Reached skill level 8 in Fighting
  9101 | D:8      | Found a sacrificial altar of Ru.
  9523 | D:8      | Found Cudunn's Food Shop.
  9533 | D:8      | Found Nitoigic's Gadget Boutique.
  9661 | D:9      | Reached ***** piety under Lugonu
 10607 | D:9      | Noticed a two-headed ogre
 10609 | D:9      | Banished a two-headed ogre
 10775 | D:10     | Entered Level 10 of the Dungeon
 10809 | D:10     | Noticed a two-headed ogre
 10810 | D:10     | Banished a two-headed ogre
 10838 | D:10     | Noticed Harold
 10844 | D:10     | Banished Harold
 10867 | D:10     | Reached skill level 9 in Fighting
 10870 | D:10     | Noticed Erolcha
 10871 | D:10     | Cast into level 2 of the Abyss (Erolcha)
 10883 | Abyss:2  | Found a corrupted altar of Lugonu.
 10900 | D:10     | Escaped the Abyss
 10919 | D:10     | Killed Erolcha
 10919 | D:10     | Reached XP level 11. HP: 57/95 MP: 17/17
 12504 | D:11     | Found a staircase to the Lair.
 13067 | Lair:1   | Entered Level 1 of the Lair of Beasts
 13739 | Lair:1   | Noticed an eight-headed hydra
 13741 | Lair:1   | Banished an eight-headed hydra
 13741 | Lair:1   | Reached skill level 10 in Fighting
 13921 | Lair:1   | Noticed a seven-headed hydra
 13928 | Lair:1   | Banished a seven-headed hydra
 14721 | Lair:2   | Reached XP level 12. HP: 79/106 MP: 14/19
 14840 | Lair:2   | Reached skill level 10 in Invocations
 16139 | Lair:3   | Found a basalt altar of Yredelemnul.
 16225 | Lair:3   | Noticed Rupert
 16230 | Lair:3   | Banished Rupert
 16885 | Lair:3   | Found a staircase to the Shoals.
 17263 | Lair:4   | Reached skill level 11 in Fighting
 17263 | Lair:4   | Reached skill level 10 in Polearms
 17759 | Lair:4   | Learned a level 3 spell: Regeneration
 18388 | Lair:4   | HP: 4/110 [tyrant leech (26)]
 18909 | Lair:4   | Found a staircase to the Snake Pit.
 19719 | Lair:5   | Reached skill level 1 in Necromancy
 19826 | Lair:5   | Reached skill level 1 in Charms
 20026 | Lair:5   | Found a runed translucent door.
 20034 | Lair:5   | Noticed Ruewk's ghost (journeyman CeAM)
 20419 | Lair:6   | Entered Level 6 of the Lair of Beasts
 20452 | Lair:6   | Reached XP level 13. HP: 102/116 MP: 21/21
 21468 | Lair:6   | Reached skill level 10 in Shields
 23893 | Lair:6   | Found a viscous altar of Jiyva.
 23894 | Lair:6   | Found a staircase to the Slime Pits.
 24764 | Lair:6   | Reached skill level 10 in Dodging
 25852 | D:11     | Reached skill level 12 in Fighting
 26209 | D:11     | HP: 5/118 [something (3)]
 26784 | D:12     | Found Wuvvoli's Blood Bar.
 27073 | D:12     | You fall into a shaft and drop 3 floors!
 27073 | D:15     | Entered Level 15 of the Dungeon
 27232 | D:15     | Found a frozen archway.
 27292 | D:15     | Corrupted D:15
 27292 | D:15     | Noticed a yellow draconian scorcher
 27292 | D:15     | Noticed a starcursed mass
 27292 | D:15     | Noticed a quicksilver dragon
 27292 | D:15     | Noticed a starcursed mass
 27292 | D:15     | Noticed a green death
 27292 | D:15     | Noticed a tentacled starspawn
 27293 | D:15     | Noticed a tentacled starspawn
 27298 | IceCv    | Entered an ice cave
 28333 | IceCv    | Reached XP level 14. HP: 111/127 MP: 22/22
 28728 | IceCv    | Noticed a frost giant
 28729 | IceCv    | Banished a frost giant
 29344 | D:15     | Noticed a starcursed mass
 30604 | D:12     | Found a staircase to the Orcish Mines.
 30762 | Orc:1    | Entered Level 1 of the Orcish Mines
 30762 | Orc:1    | Noticed Maurice
 30786 | D:12     | Killed Maurice
 30786 | D:12     | Reached skill level 13 in Fighting
 31367 | Orc:2    | Entered Level 2 of the Orcish Mines
 31831 | Orc:2    | Found Eggooris's Food Emporium.
 32234 | Orc:2    | Gained mutation: Your spells are a little easier to cast,
                  | but a little less powerful. [a neqoxec]
 32410 | Orc:2    | HP: 5/129 [orc warrior/+0 mace[an orc knight] (13)]
 33029 | Orc:2    | Noticed an orc warlord
 33162 | Orc:1    | Killed an orc warlord
 33810 | Orc:2    | Noticed an orc warlord
 34649 | Orc:2    | Slain by an orc knight

Levels and vault maps discovered:
D:1:      nzn_arrival_water_spiral, layout_basic
D:2:      layout_loops_cross, xom_butterflies, lemuel_doored_altar,
          lemuel_round_altar, uniq_terence
D:3:      layout_rooms, gammafunk_temple_overflow_claw,
          nicolae_overflow_crystal_walls, first_ration, kennysheep_jessica_study
D:4:      layout_basic, uniq_menkaure
D:5:      layout_loops_cross, minmay_temple_entry_from_below_a,
          hangedman_decor_points, minmay_a_box_with_orc_wizards_in_it,
          uniq_pikel
D:6:      layout_loops_ring, kennysheep_mini, evilmike_ruin_ashenzari,
          serial_shops, nicolae_shop_overgrown_old_shop, basic_altar
D:7:      layout_loops_ring, grunt_decor_mini_mirrors, lemuel_flame_loot_1
D:8:      layout_cave_pools, grunt_temple_overflow_cloverleaf,
          nicolae_ru_path_of_blood, lemuel_crystal_altar, grunt_dithmenos_smoke,
          serial_shops, kennysheep_little_box, shop, nicolae_shop_behind_doors,
          serial_gnoll_camp, gnoll_camp_mini_sergeant, gnoll_camp_huts_moat,
          gnoll_camp_mini_house, gnoll_camp_medium_01, david_nohive_1
D:9:      layout_big_octagon, kennysheep_generic_room_16
D:10:     layout_irregular_city, serial_co_window_serial, co_window_corner_a,
          co_window_paths_b, co_window_cross_1, co_window_of_opportunity_a,
          co_window_corner_a, co_window_of_opportunity_b,
          co_window_unsneaky_path_a, co_window_of_opportunity_b,
          co_window_cross_2, glass_columns_b, glass_columns_a, glass_columns_a,
          glass_columns_b, glass_columns_a, uniq_harold, uniq_erolcha
D:11:     layout_small_grid, lair_entry_dummy
D:12:     layout_cave_pools, hiddenorc1_lemuel, guppyfry_shop_blood
D:13:     layout_stronghold, serial_shops, shop_coins
D:14:     layout_loops_ring, ximxim_vaults_locker_room, serial_bayou_pond_b
D:15:     grunt_enter_depths_snipers, layout_gridville,
          portal_ice_cave_entry_imps, minivault_19, nrook_mini_vaults,
          minmay_misc_feat_secret_circle, hex_medium, minivault_16
Lair:1:   beast_lair_carwin_large_2, layout_cave_pods, grunt_megastairs_4
Lair:2:   layout_roguey, grunt_megastairs_2
Lair:3:   layout_hall_layers, elwin_shoals_entry_rocks, basic_altar,
          grunt_megastairs_1, lemuel_fruit_tree, lemuel_fruit_fields,
          uniq_rupert
Lair:4:   layout_regular_city, dummy_snake_entry, worms_lemuel
Lair:5:   cheibrodos_magma_flow, layout_gridlike, ebering_ghost_reflecting_pool
Lair:6:   grunt_lair_end_beastmaster, layout_cave_pods,
          dpeg_slime_entry_enclosed_altar
Orc:1:    layout_caves, rock_pile, uniq_maurice
Orc:2:    st_orc_pillars, layout_diamond_mine, serial_shops, shop,
          nicolae_orc_pool_cavern, minmay_orc_treasury

Skill      XL: |  1  2  3  4  5  6  7  8  9 10 11 12 13 14 |
---------------+-------------------------------------------+-----
Shields        | 1 2 3 4 6 7 8 9 10 11 | 11.9
Invocations    | 3 4 6 7 8 9 11 | 11.0
Fighting       | 4 5 6 7 9 10 11 12 13 | 13.4
Polearms       | 3 4 5 6 8 9 10 11 12 | 12.3
Dodging        | 3 4 5 6 7 8 9 10 11 | 11.3
Necromancy     | 1 3 |  3.6
Charms         | 1 3 |  3.3

Action                   |  1- 3 |  4- 6 |  7- 9 | 10-12 | 13-15 || total
-------------------------+-------+-------+-------+-------+-------++-------
Melee: Spear             |   130 |   287 |   921 |  1413 |  1846 ||  4597
       Tailslap          |    12 |    29 |   109 |   217 |   383 ||   750
       Trident           |       |       |       |       |   352 ||   352
 Cast: Regeneration      |       |       |       |       |    13 ||    13
Invok: Depart the Abyss  |     1 |       |       |     1 |       ||     2
       Banish            |       |       |     4 |    23 |    19 ||    46
       Corrupt           |       |       |       |       |     1 ||     1
 Abil: Breathe Frost     |       |       |    25 |    31 |    33 ||    89
Evoke: Wand              |       |       |     1 |    23 |    14 ||    38
  Use: Scroll            |       |     3 |     8 |     9 |    15 ||    35
       Potion            |       |     3 |       |     6 |    11 ||    20
 Stab: Sleeping          |       |       |     3 |     4 |     2 ||     9
       Paralysed         |       |       |       |     3 |       ||     3
       Invisible         |       |       |       |       |     3 ||     3
       Distracted        |       |       |       |       |     2 ||     2
  Eat: Chunk             |     2 |     6 |    16 |    38 |    26 ||    88
       Ration            |       |       |     2 |     5 |    10 ||    17
Armor: Skin              |    17 |    67 |   234 |   168 |   274 ||   760
Dodge: Dodged            |    28 |    74 |   374 |   521 |   868 ||  1865
Block: Shield            |    23 |    85 |   375 |   494 |   816 ||  1793
